 Dungeon Crawl Stone Soup version 0.30-a0-800-g7c544603b3 (webtiles) character file.

Game seed: 11301257040804798294

303 sircluck the Ruffian (level 6, -3/59 HPs)
             Began as a Troll Fighter on Feb 22, 2023.
             Killed by divine providence
             ... invoked by an orc priest
              (17 damage)
             ... on level 4 of the Dungeon.
             The game lasted 00:06:40 (1796 turns).

sircluck the Ruffian (Troll Fighter)                Turns: 1796, Time: 00:06:40

Health: -3/59      AC: 12    Str: 27    XL:     6   Next: 15%
Magic:  5/5        EV:  8    Int:  4    God:
Gold:   167        SH:  8    Dex:  9    Spells: 5/5 levels left

rFire   . . .      SeeInvis .      - Unarmed
rCold   . . .      Faith    .    b - +0 kite shield
rNeg    . . .      Spirit   .    h - quicksilver dragon scales
rPois   .          Reflect  .    (helmet restricted)
rElec   .          Harm     .    r - +0 cloak
rCorr   .          Rampage  .    (gloves unavailable)
Will    +....                    (boots unavailable) Stlth
                                 (no amulet)
HPRegen 1.09/turn                (no ring)
MPRegen 0.09/turn                (no ring)

@: no status effects
A: large, unfitting armour, claws 3, regeneration 1, shaggy fur 1, tough skin 1
a: no special abilities


You were on level 4 of the Dungeon.
You visited 1 branch of the dungeon, and saw 4 of its levels.

You collected 167 gold pieces.

Inventory:

Missiles
 g - 31 stones (quivered)
 n - 19 poisoned darts
Armour
 a - a +0 robe
 b - a +0 kite shield (worn)
 h - quicksilver dragon scales (worn)
 r - a +0 cloak (worn)
Wands
 s - a wand of mindburst (6)
Scrolls
 d - 4 scrolls of teleportation {unknown}
 e - 5 scrolls of identify {unknown}
 f - a scroll of poison {unknown}
 i - 4 scrolls of magic mapping {unknown}
 l - 2 scrolls of vulnerability {unknown}
 o - a scroll of enchant weapon {unknown}
 p - a scroll of fog {unknown}
Potions
 c - a potion of might
 j - a potion of curing {unknown}
 k - 3 potions of lignification {unknown}
 m - 2 potions of heal wounds {unknown}
 q - a potion of flight {unknown}


   Skills:
 + Level 2.7 Fighting
 + Level 1.4 Armour
 + Level 3.2 Dodging
 + Level 0.3 Stealth
 + Level 3.9 Shields
 + Level 4.0 Unarmed Combat
 + Level 0.1 Evocations


You had 5 spell levels left.
You didn't know any spells.
Your spell library contained the following spells:

 Spells                   Type           Power      Damage    Failure   Level
 Beastly Appendage        Tmut           0%         N/A       89%         1
 Slow                     Hex            0%         N/A       89%         1
 Wereblood                Tmut           0%         N/A       96%         2
 Confusing Touch          Hex            0%         N/A       99%         3
 Spider Form              Tmut/Pois      0%         N/A       99%         3
 Vampiric Draining        Necr           0%         2d6       99%         3
 Anguish                  Hex/Necr       0%         N/A       100%        4
 Enfeeble                 Hex            0%         N/A       100%        7


Dungeon Overview and Level Annotations

Branches:
Dungeon (4/15)
 Temple: D:4-7

Altars:

Shops:
D:1 (*   D:3 (((*   D:4 :


Innate Abilities, Weirdness & Mutations

You are too large for most types of armour.
You have claws for hands.
Your natural rate of healing is unusually fast.
You are covered in fur. (AC +1)
You have tough skin. (AC +1)


Message History

You block the orc's attack.
Aiming: Mindburst
Press: ? - help, Q - select action, (/) - cycle Shift-Dir - straight line, f/p - orc warrior
Aim: an orc warrior, wielding a +0 mace and wearing a +0 plate armour (almost dead, chance to affect: 64%)
The orc warrior struggles to resist.
You block the orc's attack.
The orc warrior hits you but does no damage.
The orc barely misses you.
You barely miss the orc warrior.
The orc warrior is almost dead.
The orc hits you but does no damage. You block the orc's attack.
You block the orc warrior's attack.
You barely miss the orc warrior.
The orc warrior is almost dead.
You block the orc's attack. The orc hits you but does no damage.
You block the orc warrior's attack.
You scratch the orc warrior.
You kill the orc warrior!
The orc closely misses you.
Your Unarmed Combat skill increases to level 4!
You have reached level 6!
You feel stronger.
You barely miss the orc. The orc hits you with a +0 mace.
* * * LOW HITPOINT WARNING * * *
An orc comes into view. It is wielding a +0 dagger.
The orc hits you with a +0 flail.
* * * LOW HITPOINT WARNING * * *
You claw the orc!
You kill the orc!
You block the orc's attack.
You claw the orc!
You kill the orc!
You closely miss the orc. You block the orc priest's attack.
The orc closely misses you. The orc barely misses you.
You barely miss the orc. The orc priest barely misses you.
The orc barely misses you. You block the orc's attack.
You barely miss the orc.
The orc priest invokes the aid of Beogh against you.
Beogh smites you!
You die...

#.......# #.......8.
## #......... ..
#...<.....
.####.#######.......8.
......o@............#
......oo............##
#########............#
##..........#
####.####..### #.#
#.....## #.###......#
##.#8...>....
#..........##


You could see an orc priest and 2 orcs.

Vanquished Creatures
  An orc warrior (D:4)
  An ogre (D:4)
  A scorpion (D:3)
  An adder (D:2)
  2 worms
  2 orcs (D:4)
  8 ball pythons
  6 bats
  3 endoplasms
  3 giant cockroaches
  3 goblins
  7 hobgoblins
  8 jackals
  A frilled lizard (D:1)
  7 kobolds
  3 rats (D:1)
57 creatures vanquished.

Notes
Turn   | Place    | Note
-------+----------+-------------------------------------------
     0 | D:1      | sircluck the Troll Fighter began the quest for the Orb.
     0 | D:1      | Reached XP level 1. HP: 22/22 MP: 0/0
    49 | D:1      | Found Laaxuy's Assorted Antiques.
   135 | D:1      | Reached XP level 2. HP: 29/29 MP: 1/1
   208 | D:1      | Found Jimos's Weapon Emporium.
   463 | D:1      | Reached XP level 3. HP: 36/36 MP: 2/2
  1121 | D:3      | Found Ynoiq's Weapon Shop.
  1208 | D:3      | Noticed a scorpion
  1224 | D:3      | Killed a scorpion
  1225 | D:3      | Reached skill level 3 in Unarmed Combat
  1225 | D:3      | Reached XP level 4. HP: 23/44 MP: 3/3
  1262 | D:3      | Found Losas's Antique Weapon Emporium.
  1435 | D:3      | Found Atoumucw's Weapon Emporium.
  1499 | D:3      | Found a faded altar of an unknown god.
  1629 | D:3      | Found Otoruap's General Store.
  1736 | D:4      | Found Asuithib's Book Boutique.
  1768 | D:4      | Noticed an ogre
  1772 | D:4      | Noticed an orc warrior
  1777 | D:4      | Killed an ogre
  1778 | D:4      | Reached skill level 1 in Armour
  1778 | D:4      | Reached XP level 5. HP: 20/50 MP: 4/4
  1790 | D:4      | Killed an orc warrior
  1791 | D:4      | Reached skill level 4 in Unarmed Combat
  1791 | D:4      | Reached XP level 6. HP: 16/59 MP: 5/5
  1796 | D:4      | Killed from afar by an orc priest

Illustrated notes

Levels and vault maps discovered:
D:1:      dpeg_arrival_fog, layout_rooms, serial_shops, shop, shop
D:2:      layout_rooms, minmay_misc_feat_more_columns
D:3:      layout_basic, serial_shops, nicolae_shop_hallway_plus,
          nicolae_shop_bloodbath_and_beyond, shop_fountains, shop,
          ebering_ecumenical_altar_rust
D:4:      layout_rooms, minitemple, nicolae_stop_n_shop_1,
          guppyfry_early_orc_mine, uniq_crazy_yiuf_cottage, uniq_eustachio

Skill      XL: |  1  2  3  4  5 |
---------------+----------------+-----
Shields        | 3 |  3.9
Dodging        | 3 |  3.2
Unarmed Combat | 3 4 |  4.0
Armour         | 1 |  1.4
Fighting       | |  2.7
Stealth        | |  0.3
Evocations     | |  0.1

Action                     |  1- 3 |  4- 6 || total
---------------------------+-------+-------++-------
  Melee: Unarmed           |   119 |    43 ||   162
  Evoke: Wand              |       |     3 ||     3
 Armour: Robe              |    13 |       ||    13
         Quicksilver drago |    44 |    25 ||    69
  Dodge: Dodged            |    54 |    16 ||    70
  Block: Kite shield       |    73 |    28 ||   101

Table legend: (Time is in decaauts)
 A = Elapsed time spent in this place.
 B = Non-inter-level travel time spent in this place.
 C = Inter-level travel time spent in this place.
 D = Time resting spent in this place.
 E = Time spent auto-exploring this place.
 F = Levels seen in this place.
 G = Mean time per level.
                   A        B        C        D        E       F      G
               +--------+--------+--------+--------+--------+-----+--------+
         Total |   1816 |   1724 |     92 |      0 |   1120 |   4 |  454.0 |
       Dungeon |   1816 |   1724 |     92 |      0 |   1120 |   4 |  454.0 |
               +--------+--------+--------+--------+--------+-----+--------+

Top non-repeatable levels by time:
     D:3: 626 daAuts
     D:1: 582 daAuts
     D:2: 546 daAuts
     D:4: 61 daAuts
